 Dungeon Crawl Stone Soup version 0.22-a0-346-ga714374 (webtiles) character file.

191 grindst0ne the Sneak (level 5, -7/51 HPs)
             Began as an Octopode Assassin on Apr 6, 2018.
             Killed by nerve-wracking pain
             ... invoked by an orc priest
              (12 damage)
             ... on level 3 of the Dungeon.
             The game lasted 00:03:33 (2973 turns).

grindst0ne the Sneak (Octopode Assassin)            Turns: 2973, Time: 00:03:34

Health: -7/51      AC:  1    Str: 15    XL:     5   Next: 70%
Magic:  5/5        EV: 14    Int: 14    God:
Gold:   92         SH:  0    Dex: 14    Spells: 4/4 levels left

rFire    . . .     SeeInvis .   j - -1 dagger (curse)
rCold    . . .     Gourm    .   (no shield)
rNeg     . . .     Faith    .   (helmet restricted)
rPois    .         Spirit   .   (no amulet)
rElec    .         Reflect  .   (no ring)
rCorr    .         Harm     .   (no ring)
MR       .....                  (no ring)
Stlth    ..........             (no ring)
HPRegen  0.17/turn              (no ring)
MPRegen  0.09/turn              (no ring)
                                (no ring)
                                (no ring)

@: berserking, flying, very quick
A: almost no armour, stealthy swim, amphibious, 8 rings, constrict 8, camouflage
1, gelatinous body 1
a: no special abilities


You were on level 3 of the Dungeon.
You were not hungry.

You visited 1 branch of the dungeon, and saw 3 of its levels.

You collected 92 gold pieces.

Inventory:

Hand Weapons
 a - a +2 dagger
 b - a +0 blowgun
 j - a cursed -1 dagger (weapon)
 o - a +1 dagger of speed
 q - a +0 rapier
Missiles
 c - 14 poisoned needles
 d - 6 curare-tipped needles
Armour
 n - a +0 large shield
Jewellery
 m - an uncursed ring of resist corrosion {unknown}
Scrolls
 e - 4 scrolls of identify
 g - 2 scrolls of amnesia
 h - 3 scrolls of teleportation
 i - 2 scrolls of enchant armour
Comestibles
 f - 4 rations
 k - 3 chunks of flesh


   Skills:
 - Level 2.0 Fighting
 - Level 2.0 Short Blades
 + Level 3.6 Throwing
 + Level 3.1 Dodging
 + Level 6.9 Stealth


You had 4 spell levels left.
You didn't know any spells.

Dungeon Overview and Level Annotations

Branches:
Dungeon (3/15)

Altars:


Innate Abilities, Weirdness & Mutations

You cannot wear most types of armour.
You are very stealthy in the water. (Stealth+)
You are amphibious.
You can wear up to eight rings at the same time.
You can use your tentacles to constrict eight enemies at once.
Your skin changes colour to match your surroundings (Stealth+).
Your rubbery body absorbs attacks. (AC +1, EV +1)


Message History

You fly up into the air.
You constrict the orc priest.
The orc priest looks encouraged for a moment.
It was a potion of berserk rage.
A red film seems to cover your vision as you go berserk!
You feel yourself moving faster!
You feel mighty!
You constrict the orc priest.
You kill the orc priest!
Your Dodging skill increases to level 3!
You hit the orc. You grab the orc.
You kill the orc!
The rat barely misses you.
Items here: )) [ † a mace; a dagger; a scale mail; an orc corpse You puncture the rat!
You kill the rat!
You closely miss the orc priest. Your grab misses the orc priest.
You puncture the orc priest! Your grab misses the orc priest.
The orc priest is heavily wounded.
The orc priest calls down the wrath of Beogh upon you.
Pain shoots through your body!
You die...

#...# ###.#
#.# #.# #÷#
#.# #.# #
#(######.###.
#()@oo.......
#####.......#
#.......#
#....(..#
#.......#
#..o.....
#.......#
#.....$.#
#..o....#


You could see an orc priest and an orc.

Vanquished Creatures
  A scorpion (D:3)
  An orc priest (D:3)
  5 adders
  An ooze (D:3)
  2 worms
  2 dart slugs (D:1)
  A leopard gecko (D:1)
  An orc (D:3)
  7 bats
  4 giant cockroaches
  6 goblins
  5 hobgoblins
  7 kobolds
  A quokka (D:3)
  5 frilled lizards
  9 rats
58 creatures vanquished.

Notes
Turn   | Place    | Note
-------+----------+-------------------------------------------
     0 | D:1      | grindst0ne the Octopode Assassin began the quest for the Orb.
     0 | D:1      | Reached XP level 1. HP: 14/14 MP: 1/1
   201 | D:1      | Reached XP level 2. HP: 12/19 MP: 2/2
   954 | D:1      | Reached XP level 3. HP: 16/24 MP: 3/3
  1327 | D:2      | Reached skill level 6 in Stealth
  1563 | D:2      | Found a faded altar of an unknown god.
  1573 | D:2      | Reached XP level 4. HP: 8/29 MP: 4/4
  1597 | D:2      | HP: 1/29 [poisoned by an adder]
  2273 | D:3      | Reached XP level 5. HP: 10/34 MP: 5/5
  2301 | D:3      | HP: 1/34 [poisoned by a scorpion]
  2973 | D:3      | Killed from afar by an orc priest

Vault maps used:
D:1:      lightli_arrival_chessboard, minmay_tromino_i2
D:2:      chequers_ecumenical_altar_simple

Skill      XL: |  1  2  3  4  5 |
---------------+----------------+-----
Dodging        | 2 3 |  3.1
Stealth        | 6 |  6.9
Throwing       | 3 |  3.6
Fighting       | |  2.0
Short Blades   | |  2.0

Action                   |  1- 3 |  4- 6 || total
-------------------------+-------+-------++-------
Melee: Dagger            |    64 |    93 ||   157
       Constrict         |    17 |    12 ||    29
       Tentacles         |    10 |    11 ||    21
 Fire: Blowgun           |     3 |       ||     3
  Use: Scroll            |     3 |     2 ||     5
       Potion            |       |     3 ||     3
 Stab: Sleeping          |     9 |     7 ||    16
  Eat: Chunk             |     2 |     4 ||     6
Armor: Skin              |       |    75 ||    75
Dodge: Dodged            |    26 |    59 ||    85

Table legend:
 A = Spawn XP
 B = Non-spawn XP
 C = Spawn XP percentage of total XP
 D = Spawn monster count
 E = Non-spawn monster count
 F = Spawn count percentage of total count
 G = Total turns spent on level
                    A         B        C        D         E        F      G
               +---------+---------+-------+---------+---------+-------+---------
         Total |       0 |     273 |   0.0 |       0 |      58 |   0.0 |  2973
               +---------+---------+-------+---------+---------+-------+---------
           D:1 |       0 |      39 |   0.0 |       0 |      21 |   0.0 |  1158
           D:2 |       0 |      53 |   0.0 |       0 |      18 |   0.0 |  1096
           D:3 |       0 |     181 |   0.0 |       0 |      19 |   0.0 |   719
               +---------+---------+-------+---------+---------+-------+---------
